 Dungeon Crawl Stone Soup version 0.29-a0-322-g68df515428 (webtiles) character file.

Game seed: 3734905324604272315

2264 croobank the Chopper (level 9, -3/80 HPs)
             Began as a Hill Orc Fighter on Apr 7, 2022.
             Was a Follower of Beogh.
             Slain by an orc warrior
             ... wielding a +0 halberd
              (21 damage)
             ... in a bailey.
             The game lasted 00:22:05 (5393 turns).

croobank the Chopper (Hill Orc Fighter)             Turns: 5393, Time: 00:22:14

Health: -3/80      AC: 11    Str: 23    XL:     9   Next: 38%
Magic:  11/11      EV: 12    Int:  8    God:    Beogh [*.....]
Gold:   158        SH:  6    Dex: 10    Spells: 8/8 levels left

rFire   . . .      SeeInvis .   a - +0 war axe
rCold   . . .      Faith    .   c - +1 buckler
rNeg    . . .      Spirit   .   i - +1 chain mail
rPois   +          Reflect  .   (no helmet)
rElec   .          Harm     .   (no cloak)
rCorr   .          Rampage  .   (no gloves)
Will    .....                   (no boots)
Stlth   ..........              t - amulet of regeneration
HPRegen 1.03/turn               k - ring of poison resistance
MPRegen 0.12/turn               m - +4 ring of evasion

@: mighty, invisible
A: no striking features
a: Renounce Religion


You were in a bailey.
You worshipped Beogh.
Beogh was aware of your devotion.
You visited 1 branch of the dungeon, and saw 7 of its levels.
You also visited: Ossuary and Bailey.

You collected 542 gold pieces.
You spent 384 gold pieces at shops.

Inventory:

Hand Weapons
 a - a +0 war axe (weapon)
 b - the +8 hunting sling of Agony {freeze, *Corrode rF+ SInv}
   (You found it on level 5 of the Dungeon)

   Any ammunition fired from it freezes those it strikes, dealing additional
   cold damage.
   It can also slow down cold-blooded creatures.
   rF:        It protects you from fire.
   SInv:      It lets you see invisible.
   *Corrode:  It may corrode you when you take damage.
 z - a +2 hunting sling of flaming
Missiles
 e - 8 poisoned darts
 f - 233 stones (quivered)
 x - 9 boomerangs
 A - 3 throwing nets
Armour
 c - a +1 buckler (worn)
 i - a +1 chain mail (worn)
 j - a +0 ring mail of cold resistance
 D - a +0 plate armour
Jewellery
 k - a ring of poison resistance (left hand)
 m - a +4 ring of evasion (right hand)
 t - an amulet of regeneration (around neck)
Wands
 r - a wand of mindburst (10)
 s - a wand of charming (7)
Scrolls
 n - 2 scrolls of magic mapping
 v - 3 scrolls of teleportation
 y - a scroll of blinking
 E - 3 scrolls of identify
 F - 3 scrolls of enchant weapon
 G - a scroll of immolation
Potions
 d - a potion of might
 g - 2 potions of haste
 h - a potion of resistance
 l - a potion of heal wounds
 o - 4 potions of invisibility
 p - 2 potions of brilliance
 q - a potion of lignification
 u - a potion of magic {unknown}
 w - 2 potions of mutation {unknown}
 B - a potion of ambrosia {unknown}
 C - 2 potions of flight {unknown}


   Skills:
 + Level 7.7 Fighting
 + Level 7.9 Axes
 + Level 3.3 Slings
 + Level 7.0 Armour
 + Level 6.9 Shields
 - Level 2.7 Invocations


You had 8 spell levels left.
You didn't know any spells.
Your spell library contained the following spells:

 Spells                   Type           Power      Damage    Failure   Level
 Pain                     Necr           0%         1d4       98%         1
 Agony                    Necr           0%         N/A       100%        5
 Excruciating Wounds      Necr           0%         N/A       100%        5


Dungeon Overview and Level Annotations

Branches:
Dungeon (7/15)             Temple (0/1) D:6         Ossuary (visited)
 Bailey (1/1)

Altars:
Cheibriados
Qazlal
Vehumet

Shops:
D:6 ?


Message History

You hit the orc knight.
The orc knight is lightly wounded.
Your extra speed is starting to run out.
You hit the orc knight but do no damage.
The orc knight is lightly wounded.
The orc misses you. The orc warrior barely misses you.
The orc closely misses you.
You closely miss the orc knight.
The orc knight is lightly wounded.
The orc barely misses you. The orc warrior barely misses you.
The orc hits you from afar with a +0 trident.
The orc knight roars a battlecry!
The orcs go into a battle-frenzy!
You catch the helpless orc knight completely off-guard!
You slice the orc knight!!
The orc knight is moderately wounded.
The orc closely misses you.
The orc knight hits you with a +0 glaive!
You hit the orc knight.
The orc knight is moderately wounded.
You barely miss the orc warrior. You slash the orc!
You kill the orc!
Beogh accepts your kill.
You catch the helpless orc knight completely off-guard!
You hit the orc knight.
The orc knight is moderately wounded.
You hit the orc warrior. You slash the orc warrior!
The orc warrior is severely wounded.
You slash the orc knight!
You feel yourself slow down.
The orc warrior hits you with a +0 halberd!
You slash the orc knight!
The orc knight is severely wounded.
You barely miss the orc warrior.
The orc knight hits you with a +0 glaive!
* * * LOW HITPOINT WARNING * * *
The orc warrior hits you with a +0 halberd!!
You die...
Beogh appreciates the orc warrior's killing of a heretic priest.

##'''##
#.....#
#.!.!.#
#.!.!.#
#.!.!.#
#.....#
##'''##
##.....##
#....@o.#
#..#)#o.#
#.......#
#..o....#
#.......#
##.....##
#+++++#


You could see an orc knight (can't see you), an orc warrior (strong, can't see
you) and an orc (can't see you).

Vanquished Creatures
  3 orc warriors
  2 sky beasts
  3 black bears
  An ice beast (D:5)
  An ogre (D:5)
  A phantom (D:4)
  A gnoll sergeant (D:5)
  2 scorpions (D:5)
  A necrophage (D:4)
  6 killer bees
  3 hounds (D:5)
  2 jellies
  A gnoll shaman (D:6)
  Jessica (D:2)
  2 iguanas (D:6)
  8 mummies (Ossuary)
  14 gnolls
  7 adders
  A shadow imp (D:5)
  A white imp (D:6)
  An ufetubus (D:4)
  4 worms
  5 dart slugs
  27 orcs
  12 endoplasms
  5 giant cockroaches
  2 gnoll zombies (Ossuary)
  14 goblins
  4 hobgoblins
  3 jackals (D:4)
  10 kobolds
  4 quokkas
  9 ball pythons
  5 bats
  8 frilled lizards
  4 hobgoblin zombies (Ossuary)
  2 orc zombies (Ossuary)
  7 rats
187 creatures vanquished.

Vanquished Creatures (others)
  2 orc priests (D:6)
  5 plants (D:3)
7 creatures vanquished.

Grand Total: 194 creatures vanquished

Notes
Turn   | Place    | Note
-------+----------+-------------------------------------------
     0 | D:1      | croobank the Hill Orc Fighter began the quest for the Orb.
     0 | D:1      | Reached XP level 1. HP: 19/19 MP: 1/1
   209 | D:1      | Reached XP level 2. HP: 25/27 MP: 2/2
   672 | D:1      | Reached XP level 3. HP: 33/33 MP: 3/3
  1004 | D:2      | Found a faded altar of an unknown god.
  1606 | D:2      | Found a stormy altar of Qazlal.
  1615 | D:2      | Reached XP level 4. HP: 38/40 MP: 4/4
  1974 | D:2      | Noticed Jessica
  1978 | D:2      | Killed Jessica
  2306 | D:3      | Reached XP level 5. HP: 44/47 MP: 5/5
  2333 | D:3      | Identified the +1 leather armour "Jasizaeph" {Int+2 Dex+5}
  2430 | D:3      | Found a snail-covered altar of Cheibriados.
  2939 | D:4      | Reached skill level 5 in Fighting
  2939 | D:4      | Reached XP level 6. HP: 47/56 MP: 6/6
  3152 | D:4      | Reached skill level 5 in Axes
  3356 | D:4      | HP: 1/56 [killer bee (8)]
  3582 | D:5      | Entered Level 5 of the Dungeon
  3610 | D:5      | Reached skill level 5 in Shields
  3610 | D:5      | Reached skill level 1 in Invocations
  3610 | D:5      | Reached XP level 7. HP: 56/61 MP: 7/7
  3627 | D:5      | Reached skill level 5 in Armour
  3824 | D:5      | Found a radiant altar of Vehumet.
  3857 | D:5      | Identified the +8 hunting sling of Agony {freeze, *Corrode
                  | rF+ SInv}
  4118 | D:6      | Found Jaylenk's Magic Scroll Emporium.
  4127 | D:5      | HP: 2/63 [ogre/+0 giant spiked club (21)]
  4198 | D:5      | Reached XP level 8. HP: 53/70 MP: 10/10
  4288 | D:5      | Reached skill level 1 in Slings
  4448 | D:6      | Found a sand-covered staircase.
  4453 | Ossuary  | Entered an ossuary
  4864 | D:6      | Reached XP level 9. HP: 74/79 MP: 11/11
  4867 | D:6      | Became a worshipper of Beogh the Brigand
  4894 | D:6      | Bought a scroll of identify for 22 gold pieces
  4894 | D:6      | Bought a scroll of identify for 22 gold pieces
  4894 | D:6      | Bought a scroll of identify for 22 gold pieces
  4894 | D:6      | Bought a scroll of magic mapping for 38 gold pieces
  4894 | D:6      | Bought a scroll of teleportation for 33 gold pieces
  4894 | D:6      | Bought 3 scrolls of enchant weapon for 247 gold pieces
  5147 | D:6      | Found a staircase to the Ecumenical Temple.
  5214 | D:7      | Found a flagged portal.
  5237 | Bailey   | Entered a bailey
  5345 | Bailey   | Reached * piety under Beogh
  5375 | Bailey   | Noticed an orc knight
  5393 | Bailey   | Slain by an orc warrior

Illustrated notes

Levels and vault maps discovered:
D:1:      dpeg_arrival_concentric_ovals, layout_basic
D:2:      layout_loops_ring, basic_altar, nicolae_ecumenical_snake_handling,
          uniq_jessica
D:3:      layout_rooms, mainiacjoe_overflow_boulevard, kennysheep_cross_room,
          hex_tiny, grunt_ministairs_8, st_stairs_5, nicolae_wormholes
D:4:      layout_gridville
D:5:      layout_rooms, mainiacjoe_overflow_concentric_impassable
D:6:      layout_rooms, minmay_temple_entry_statues_pillars, enter_ossuary_2,
          serial_shops, nicolae_diamond_shop
D:7:      layout_loops_corners, tso_metal_star, enter_bailey_3,
          kennysheep_generic_room_4
Bailey:   bailey_polearm_5, bailey

Skill      XL: |  1  2  3  4  5  6  7  8  9 |
---------------+----------------------------+-----
Axes           | 3 4 5 6 7 |  7.9
Fighting       | 4 5 6 7 |  7.7
Armour         | 4 5 6 7 |  7.0
Shields        | 4 5 6 |  6.9
Invocations    | 1 2 |  2.7
Slings         | 2 3 |  3.3

Action                   |  1- 3 |  4- 6 |  7- 9 || total
-------------------------+-------+-------+-------++-------
Melee: War axe           |   102 |   155 |   298 ||   555
 Fire: Hunting sling     |     4 |    21 |    13 ||    38
Throw: Dart              |     2 |     4 |     4 ||    10
       Stone             |       |       |     3 ||     3
Invok: Convert to Beogh  |       |       |     1 ||     1
  Use: Scroll            |     4 |    10 |     8 ||    22
       Potion            |       |     2 |     7 ||     9
 Stab: Invisible         |       |       |     4 ||     4
Armor: Scale mail        |    53 |    73 |    27 ||   153
       Chain mail        |       |       |   116 ||   116
Dodge: Dodged            |    48 |   133 |   256 ||   437
Block: Buckler           |    19 |    52 |   119 ||   190

Table legend: (Time is in decaauts)
 A = Elapsed time spent in this place.
 B = Non-inter-level travel time spent in this place.
 C = Inter-level travel time spent in this place.
 D = Time resting spent in this place.
 E = Time spent auto-exploring this place.
 F = Levels seen in this place.
 G = Mean time per level.
                   A        B        C        D        E       F      G
               +--------+--------+--------+--------+--------+-----+--------+
         Total |   5531 |   5272 |    259 |    404 |   2938 |   9 |  614.6 |
       Dungeon |   5168 |   4909 |    259 |    404 |   2881 |   7 |  738.3 |
       Ossuary |    219 |    219 |      0 |      0 |     57 |   1 |  219.0 |
        Bailey |    143 |    143 |      0 |      0 |      0 |   1 |  143.0 |
               +--------+--------+--------+--------+--------+-----+--------+

Top non-repeatable levels by time:
     D:2: 1094 daAuts
     D:1: 1004 daAuts
     D:3: 848 daAuts
     D:4: 821 daAuts
     D:5: 789 daAuts
     D:6: 571 daAuts
 Ossuary: 219 daAuts
  Bailey: 143 daAuts
     D:7: 38 daAuts
